 Dungeon Crawl Stone Soup version 0.31.0-9-g3a7656b989 (webtiles) character file.

Game seed: 12087671863740779890

46 qw the Shooter (level 3, -3/18 HPs)
             Began as a Spriggan Hunter on Feb 2, 2024.
             Slain by a hobgoblin (4 damage)
             ... led by Robin
             ... on level 2 of the Dungeon.
             The game lasted 00:00:02 (695 turns).

qw the Shooter (Spriggan Hunter)                     Turns: 695, Time: 00:00:03

Health: -3/18      AC:  2    Str:  7    XL:     3   Next: 46%
Magic:  4/4        EV: 19    Int: 10    God:
Gold:   64         SH:  0    Dex: 20    Spells: 2/2 levels left

rFire   . . .        a - +0 shortbow
rCold   . . .        (shield currently unavailable)
rNeg    . . .        c - +0 robe
rPois   .            (helmet restricted)
rElec   .            (no cloak)
rCorr   .            (gloves unavailable)
SInv    +            (boots unavailable)
Will    .....        d - amulet of faith
Stlth   ++           (no ring)
HPRegen 0.23/turn    (no ring)
MPRegen 0.09/turn

%: faith
@: lethally poisoned (-3 -> -6), very quick
A: very small, no large weapons, unfitting armour, see invisible, speed 3
a: no special abilities


You were on level 2 of the Dungeon.
You visited 1 branch of the dungeon, and saw 2 of its levels.

You collected 64 gold pieces.


Innate Abilities, Weirdness & Mutations

You are very small and have problems with some larger weapons.
You are too small for most types of armour.
You have supernaturally acute eyesight. (SInv)
You cover ground extremely quickly. (Speed+++)


   Skills:
 - Level 1.5 Fighting
 + Level 4.7 Ranged Weapons
 - Level 4.0 Dodging
 - Level 1.5 Stealth


You had 2 spell levels left.
You didn't know any spells.
Your spell library was empty.

Inventory:

Hand Weapons
 a - a +0 shortbow (weapon)
Armour
 c - a +0 robe (worn)
Jewellery
 d - an amulet of faith (around neck)
 e - a ring of ice
Potions
 f - a potion of heal wounds {unknown}
 g - a potion of haste

Dungeon Overview and Level Annotations

Branches:
Dungeon (2/15)

Altars:

Annotations:
D:2 Robin


Message History

The goblin shouts!
The arrow hits the goblin.
The goblin is severely wounded.
You hear a shout!
Robin throws the goblin at you!
A goblin comes into view. It is wielding a +0 dagger of venom.
The goblin hits you with a +0 club. The goblin hits you with a club.
You shoot an arrow. The arrow hits the goblin!
You kill the goblin!
You shoot an arrow. The arrow closely misses the goblin.
The goblin closely misses you.
You shoot an arrow. The arrow hits the goblin!
You kill the goblin!
Robin throws the goblin at you! The goblin misses you.
The goblin hits you with a +0 dagger of venom.
You are lethally poisoned!
You shoot an arrow. The arrow hits the goblin!
You kill the goblin!
Your extra speed is starting to run out.
You feel very sick. The hobgoblin misses you. The goblin closely misses you.
You shoot an arrow. The arrow hits the hobgoblin.
You kill the hobgoblin!
You feel sick. The goblin closely misses you.
You shoot an arrow. The arrow hits the hobgoblin!
You kill the hobgoblin!
You feel sick.
You shoot an arrow. The arrow hits the goblin.
You kill the goblin!
You feel sick.
You shoot an arrow.
The arrow hits the hobgoblin but does no damage.
You feel sick. The hobgoblin closely misses you.
You shoot an arrow.
The arrow hits the hobgoblin but does no damage.
You feel sick. The hobgoblin barely misses you.
You shoot an arrow. The arrow barely misses the hobgoblin.
You feel yourself slow down.
You feel sick. The hobgoblin hits you.
You die...

. # .. .# ...
.# ....
###.####
....g##......
....ggg)).#
#@# #.# #.#
#.# #.# ##.##
#.# ####...#
#.# #......#
#.# #.##...#
#.# #.######


You could see a hobgoblin (strong) and 3 goblins.

Vanquished Creatures
  4 ball pythons
  2 giant cockroaches (D:1)
  10 goblins
  3 hobgoblins
  6 jackals (D:1)
  4 kobolds (D:1)
  A quokka (D:1)
  4 bats (D:1)
  2 frilled lizards
  4 rats
40 creatures vanquished.

Notes
Turn   | Place    | Note
-------+----------+-------------------------------------------
     0 | D:1      | qw the Spriggan Hunter began the quest for the Orb.
     0 | D:1      | Reached XP level 1. HP: 10/10 MP: 2/2
     0 | D:1      | 0 ||| qw: Version: 0.3-a-155-g5e7d8dd
     0 | D:1      | 0 ||| qw: Game counter: 2496
     0 | D:1      | 0 ||| qw: Melee chars always use a shield: true
     0 | D:1      | 0 ||| qw: God list: Okawaru
     0 | D:1      | 0 ||| qw: Allow faded altars: false
     0 | D:1      | 0 ||| qw: Do Orc after clearing Dungeon:15 true
     0 | D:1      | 0 ||| qw: Do second Lair branch before Depths: true
     0 | D:1      | 0 ||| qw: Lair rune preference: random
     0 | D:1      | 0 ||| qw: Goals: Normal
     0 | D:1      | 0 ||| PLANNING D:1-11
    49 | D:1      | Reached skill level 3 in Dodging
   132 | D:1      | Reached XP level 2. HP: 14/14 MP: 3/3
   359 | D:1      | Found a faded altar of an unknown god.
   423 | D:1      | Reached XP level 3. HP: 18/18 MP: 4/4
   620 | D:1      | 620 ||| UPGRADING to amulet of faith.
   625 | D:1      | 625 ||| READING scroll labelled LUNLEL AMOI.
   626 | D:1      | 626 ||| READING scroll labelled GUHOCU AXOWUHU.
   630 | D:1      | 630 ||| DRINKING 2 glowing ruby potions.
   631 | D:1      | 631 ||| DROPPING scroll of butterflies.
   682 | D:2      | Noticed Robin
   691 | D:2      | HP: 4/18 [poisoned by a goblin]
   695 | D:2      | HP: 1/18 [poisoned by a goblin]
   695 | D:2      | Slain by a hobgoblin

Levels and vault maps discovered:
D:1:      dpeg_arrival_tiny_d, layout_basic, ebering_ecumenical_altar_rust
D:2:      minmay_recursive_quarters, layout_loops_ring, serial_shops,
          nicolae_shop_real_fake_doors, uniq_robin

Skill      XL: |  1  2 |
---------------+-------+-----
Dodging        | 3 4 |  4.0
Fighting       | |  1.5
Ranged Weapons | |  4.7
Stealth        | |  1.5

Action                     || total
---------------------------++-------
   Fire: Shortbow          ||    98
    Use: Scroll            ||     2
         Potion            ||     1
 Armour: Robe              ||    12
  Dodge: Dodged            ||    40

Table legend:
 A = Non-vault XP
 B = Vault XP
 C = Vault XP percentage of total XP
 D = Non-vault monster count
 E = Vault monster count
 F = Vault count percentage of total count
                 A         B        C        D         E       F
            +---------+---------+-------+---------+---------+-------
      Total |      56 |      11 |  16.4 |      34 |       6 |  15.0
            +---------+---------+-------+---------+---------+-------
        D:1 |      50 |       0 |   0.0 |      30 |       0 |   0.0
        D:2 |       6 |      11 |  64.7 |       4 |       6 |  60.0
            +---------+---------+-------+---------+---------+-------
